 Dungeon Crawl Stone Soup version 0.20-a0-450-g4cf9236 (webtiles) character file.

44079 xnavy the Golden Dragon (level 13, -13/104 HPs)
             Began as a White Draconian Monk on Dec 19, 2016.
             Was the Champion of Ieoh Jian.
             Mangled by an orc warrior
             ... wielding a +0 war axe
             ... led by an orc high priest
              (35 damage)
             ... while paralysed by an orc sorcerer
             ... on level 2 of the Orcish Mines.
             The game lasted 02:51:22 (20333 turns).

xnavy the Golden Dragon (White Draconian Monk)     Turns: 20333, Time: 02:51:23

Health: -13/104    AC: 15    Str: 16    XL:     13   Next: 94%
Magic:  23/23      EV:  2    Int: 16    God:    Ieoh Jian [******]
Gold:   1855       SH:  0    Dex: 16    Spells: 18/22 levels left

rFire  . . .     SeeInvis .     a - +7 lajatang (speed)
rCold  + . .     Gourm    .     (armour unavailable)
rNeg   . . .     Faith    .     (shield currently unavailable)
rPois  .         Spirit   .     (helmet restricted)
rElec  +         Reflect  .     z - +2 cloak
rCorr  .         Harm     .     h - +0 pair of gloves
MR     .....     Rnd*Tele +     H - +2 pair of boots
Stlth  +++.......               S - amulet of regeneration {+regen, !d}
                                p - +3 ring of dexterity
                                M - ring of stealth {Stlth+}

@: paralysed, being watched over by the Council, flying
A: breathe frost, unfitting armour, big wings, blink, clever 1, cold resistance
1, electricity resistance, teleportitis 1, cold-blooded, AC +8
a: Breathe Frost, Stop Flying, Blink, Recall Weapon, Project Weapon, Renounce
Religion, Steal And Renounce


You were on level 2 of the Orcish Mines.
You worshipped Ieoh Jian.
Ieoh Jian was exalted by your worship.
You were hungry.

You visited 4 branches of the dungeon, and saw 21 of its levels.

You collected 2046 gold pieces.
You spent 191 gold pieces at shops.

Inventory:

Hand Weapons
 a - a +7 lajatang of speed (weapon)
 d - a +2 trident of protection
   (You found it on level 1 of the Lair of Beasts)
 e - a +2 spear of venom
   (You found it on level 5 of the Dungeon)
 y - a +1 war axe of flaming
   (You took it off an orc warrior on level 8 of the Dungeon)
 T - a +0 rapier of electrocution
   (You found it on level 9 of the Dungeon)
Missiles
 r - 22 tomahawks (quivered)
 v - 5 curare-tipped needles
 w - 7 javelins
 J - 162 stones
 K - 6 poisoned tomahawks
Armour
 h - a +0 pair of gloves (worn)
   (You found it on level 2 of the Dungeon)
 z - a +2 cloak (worn)
   (You found it on level 3 of the Lair of Beasts)
 H - a +2 pair of boots (worn)
   (You found it on level 7 of the Dungeon)
Rods
 I - a +1 rod of ignition (12/12) {!a}
   (You found it on level 7 of the Dungeon)
Jewellery
 p - a +3 ring of dexterity (right hand)
   (You found it on level 3 of the Dungeon)
 M - a ring of stealth (left hand) {Stlth+}
   (You found it on level 6 of the Lair of Beasts)
 S - an amulet of regeneration (around neck) {+regen, !d}
   (You found it on level 9 of the Dungeon)
Wands
 q - a wand of confusion (21/48)
   (You found it on level 8 of the Dungeon)
 D - a wand of slowing (18/48)
   (You found it on level 11 of the Dungeon)
 N - a wand of paralysis (13/24)
   (You found it on level 8 of the Dungeon)
 Y - a wand of heal wounds (1/9)
   (You found it on level 10 of the Dungeon)
Scrolls
 f - 5 scrolls of identify
 g - a scroll of fear
 j - 2 scrolls of enchant armour
 k - 2 scrolls of fog
 n - a scroll of brand weapon
 s - a scroll of amnesia
 t - a scroll of magic mapping {!r}
 C - 5 scrolls of remove curse
 W - 2 scrolls of blinking {!r}
Potions
 i - 4 potions of curing
 l - 2 potions of brilliance
 m - 4 potions of lignification {!q}
 u - 5 potions of heal wounds
 x - 2 potions of cancellation
 B - a potion of ambrosia
Books
 o - a book of the Tempests
   (You found it on level 11 of the Dungeon)
Comestibles
 b - 21 chunks of flesh {@w0}
 c - 3 fruits
 A - 9 bread rations {@e1}
 L - 4 beef jerkies


   Skills:
 - Level 6.8 Fighting
 + Level 9.0(12.9) Staves
 * Level 8.2 Dodging
 - Level 1.7 Stealth
 - Level 10.9(13.1) Unarmed Combat
 - Level 5.2 Spellcasting
 - Level 5.0 Charms
 - Level 10.0 Ice Magic
 * Level 14.3 Invocations


You had 18 spell levels left.
You knew the following spells:

 Your Spells              Type           Power        Failure   Level  Hunger
a - Beastly Appendage     Tmut           #.....       17%         1    None
A - Ozocubu's Armour      Chrm/Ice       ####....     1%          3    ###....


Dungeon Overview and Level Annotations

Branches:
Dungeon (12/15)            Temple (1/1) D:5            Lair (6/6) D:10
 Shoals (0/4) Lair:3        Snake (0/4) Lair:3        Slime (0/5) Lair:6
    Orc (2/2) D:11            Elf (0/3) Orc:2

Altars:
Cheibriados
Dithmenos
Elyvilon
Fedhas
Gozag
Hepliaklqana Ieoh Jian
Kikubaaqudgha
Makhleb
Nemelex Xobeh
Okawaru
Ru
Sif Muna
Trog
Vehumet
Yredelemnul
Zin
Beogh

Shops:
D:5 *   D:9 =   D:10 !   Orc:2 [

Portals:
Hell: Lair:6
Trove: D:11 (give 2 scrolls of acquirement)

Annotations:
D:3 1 runed door
Lair:6 exclusion: oklob plant
Orc:2 exclusion: door


Innate Abilities, Weirdness & Mutations

You can breathe waves of freezing cold.
You can buffet flying creatures when you breathe cold.
Your icy white scales are hard. (AC +8)
You cannot fit into any form of body armour.
Your flesh is cold resistant. (rC+)
You are cold-blooded and may be slowed by cold attacks.
Your large and strong wings let you fly indefinitely.
You can translocate small distances at will.
Your mind is acute. (Int +2)
You are resistant to electric shocks. (rElec)
You are occasionally teleported next to monsters.


Message History

Your afterimage dissipates.
b - 27 chunks of flesh {@w0} (gained 4)
You see here a leather armour.
You regained 2 hp, and now have 93/104 hp.
Things that are here:
a trident; a chain mail; an orc corpse You butcher the orc corpse.
Some of the chunks of flesh in your inventory have rotted away.
b - 26 chunks of flesh {@w0} (gained 4)
Things that are here:
a trident; a chain mail; an orc skeleton You regained 2 hp, and now have 95/104 hp.
There isn't anything to butcher here.
Things that are here:
a short sword; an orc corpse
There is an open door here.
The +7 scythe of electrocution shatters in your hand!
Things that are here:
a giant club; a giant spiked club The +4 long sword "Ahoethic" flies back to your hand!
Some of the chunks of flesh in your inventory have rotted away.
A troll comes into view.
The troll shouts!
An orc wizard comes into view. It is wielding a dagger.
Health restored: 104 An orc warrior and an orc high priest come into view.
An orc and an orc sorcerer come into view.
An orc comes into view. It is wielding a morningstar.
The orc sorcerer shouts!
The troll barely misses you.
You riposte.
A +7 lajatang of speed manifests from thin air!
You barely miss the troll.
The orc shouts!
The orc wizard shouts!
The orc warrior shouts!
You tail-slap the troll. The troll completely misses you.
The troll closely misses you.
You spin and strike the troll!
You slash the troll! The orc sorcerer casts a spell at you.
The bolt of fire hits you! The troll bites you but does no damage.
The troll closely misses you. The troll claws you but does no damage.
You take 24 damage, and have 80/104 hp.
MASSIVE DAMAGE!!
You spin and strike the orc high priest!
An orc knight comes into view. It is wielding a great sword.
The orc knight shouts!
You slash the orc high priest!
Your long sword "Ahoethic" dwells on sagas on the glory of old.
You hear a shout! x13
The orc knight roars a battlecry!
The orcs go into a battle-frenzy!
The orc high priest closely misses you.
You riposte.
You slash the orc high priest!
You spin and strike the orc high priest!
You slash the orc high priest!
You spin and strike the troll!
You hit the troll. You tail-slap the troll.
The orc warrior hits you with a war axe!!
The orc barely misses you. The troll bites you but does no damage.
The troll barely misses you. The troll closely misses you.
You take 26 damage, and have 54/104 hp.
MASSIVE DAMAGE!!
You spin and strike the orc sorcerer!
You slash the orc sorcerer!
Your long sword "Ahoethic" says, "Why don't you say something for a change?"
You spin and strike the orc high priest!
You slice the orc high priest!!
You hear a high-pitched scream!
You kill the orc high priest!
Sifu Deng Ai accepts your kill.
You spin and strike the troll!
You barely miss the troll.
You tail-slap the troll, but do no damage.
You spin and strike the orc wizard!
You completely miss the orc wizard.
You grab the +7 lajatang of speed from the air.
You hear a shout!
The orc wizard closely misses you.
The orc closely misses your +4 long sword "Ahoethic".
The orc warrior hits your +4 long sword "Ahoethic" with a war axe!!
The +4 long sword "Ahoethic" shatters and reforms elsewhere!
The orc sorcerer misses you.
The orc knight roars a battlecry!
The orcs go into a battle-frenzy!
The troll barely misses you. The troll misses you. x2
An orc warrior comes into view. It is wielding a great sword.
The orc sorcerer points at you and mumbles some strange words.
The bolt of fire misses you. The troll misses you.
The troll completely misses you. The troll claws you but does no damage.
You hear a distant blaring wail to the southwest.
Your afterimage dissipates.
The orc sorcerer casts a spell at you.
You suddenly lose the ability to move!
The troll bites your +4 long sword "Ahoethic".
The +4 long sword "Ahoethic" shatters and reforms elsewhere!
An orc warrior comes into view. It is wielding a hand axe.
You are feeling hungry.
The orc wizard hits you with a dagger. The orc hits you but does no damage.
The orc warrior hits you with a war axe!!
* * * LOW HITPOINT WARNING * * *
The orc sorcerer hits you but does no damage.
The orc wizard hits you but does no damage.
The orc hits you with a club!
* * * LOW HITPOINT WARNING * * *
The orc warrior hits you with a war axe!!
You die...

,,,,,,,,,,* #...# ##...
,,**,*,,,** ##.### ###....
,******,,,** ##.#.###...... **
****,,,,** #...#.#....... *
**,*,,,<,,** #......#.#....
***,,,,,,,.,,** ###......#......
**,,,,,,,,..,,*###...............
,**,,,,,,,...#*#.{............#..
,,*,,,,,,,.....#@oT......#####...
,*,,,,,,,......ooo......##,,,##..
,,,,,,,,,....o..o.)....##,,,,,##.
,,,,,,,**#...o.........#,,,,,,,#.
,,,,,,,*,#...........#.#∩,_8,,,+.
,,,,,,,**#o..........#.#,,,,,,,#.
,,,,,,,,,..............#*,,,,,*#.
,,,,,,,,,.......#.......**,,,**,.
,,,,,,,,,,.....###.......*****,,,


You could see an orc knight, a troll, an orc sorcerer, 3 orc warriors, an orc
wizard, 2 orcs and a friendly +4 long sword "Ahoethic".

Vanquished Creatures
  An ettin (Orc:1)
  The ghost of Hector the Bludgeoner, a journeyman OgHu of Ieoh Jian (D:11)
  A fire dragon (Lair:2)
  The ghost of PlatinumSpider the Carver, a journeyman DrMo of Ieoh Jian (D:11)
  7 hydras (Lair:6)
  Harold (D:11)
  A hell beast (Lair:6)
  The ghost of fooot the Carver, a novice HuMo of Ieoh Jian (Lair:1)
  The ghost of Midn8 the Martial Artist, a novice DsMo of Ieoh Jian (D:11)
  An orc high priest (Orc:2)
  Sonja (D:11)
  A fire crab (Lair:6)
  The ghost of Hector the Cleaver, a novice MiGl of Ieoh Jian (D:7)
  A wizard (Lair:6)
  2 hill giants
  An orc knight (Orc:2)
  An ugly thing (D:11)
  A smoke demon (Lair:6)
  A merfolk siren (Lair:3)
  4 elephants (Lair:6)
  The ghost of SirKenneth the Skirmisher, a novice FoFi (D:4)
  An orange demon (Lair:6)
  4 black mambas
  2 centaur skeletons
  5 spiny frogs
  8 rime drakes
  Psyche (D:8)
  2 komodo dragons
  4 ice devils (Lair:6)
  A merfolk (Lair:3)
  2 trolls
  A two-headed ogre (Orc:2)
  A polar bear (Lair:4)
  21 blink frogs
  6 hippogriffs
  3 wyverns
  9 yaks
  A basilisk (Lair:1)
  A hungry ghost (D:11)
  Eustachio (D:4)
  Menkaure (D:4)
  2 vampire mosquitoes (D:12)
  9 water moccasins
  4 hell hounds (Lair:6)
  2 black bears
  17 orc warriors
  4 porcupines
  2 sky beasts
  4 slaves (D:4)
  2 ice beasts (D:10)
  A necrophage (D:8)
  4 eyes of draining
  2 phantoms
  4 centaurs
  13 wolves
  10 ogres
  14 crocodiles
  2 big kobolds
  Blork the orc (D:4)
  8 bullfrogs
  5 scorpions
  17 killer bees
  4 wights (D:11)
  4 howler monkeys
  5 electric eels
  7 crimson imps
  A centaur zombie (D:7)
  4 jellies
  16 orc wizards
  14 orc priests
  7 hounds
  2 bullfrog skeletons
  7 iguanas
  9 worker ants
  A killer bee zombie (D:9)
  A hound skeleton (D:10)
  A worker ant zombie (D:8)
  8 gnolls (D:8)
  11 adders
  4 shadow imps
  6 oozes
  2 adder skeletons
  6 worms
  3 dart slugs
  7 leopard geckos
  91 orcs
  13 bats
  4 giant cockroaches
  8 goblins
  14 hobgoblins
  6 jackals
  3 quokkas
  2 ball pythons
  6 frilled lizards
  A jackal skeleton (D:3)
  16 kobolds
  A leopard gecko skeleton (D:4)
  6 rats
  A fungus (Lair:5)
  A plant (Lair:6)
536 creatures vanquished.

Vanquished Creatures (others)
  158 flying weapons
  3 gnolls (D:10)
  5 fungi (Lair:6)
  A plant (Lair:3)
167 creatures vanquished.

Grand Total: 703 creatures vanquished

Notes
Turn   | Place    | Note
-------+----------+-------------------------------------------
     0 | D:1      | xnavy the Draconian Monk began the quest for the Orb.
     0 | D:1      | Reached XP level 1. HP: 19/19 MP: 1/1
   285 | D:1      | Reached XP level 2. HP: 24/26 MP: 2/2
   513 | D:1      | Reached skill level 4 in Unarmed Combat
  1090 | D:2      | Reached XP level 3. HP: 28/31 MP: 3/3
  1387 | D:2      | HP: 7/31 [poisoned by an adder]
  1580 | D:2      | Found a sparkling altar of Nemelex Xobeh.
  1702 | D:2      | Reached XP level 4. HP: 29/38 MP: 4/4
  1830 | D:2      | Reached skill level 5 in Unarmed Combat
  2335 | D:3      | Found a runed door.
  2335 | D:3      | Noticed a human
  2418 | D:3      | HP: 8/38 [worm (9)]
  2897 | D:3      | Found a basalt altar of Yredelemnul.
  3292 | D:4      | Noticed Eustachio
  3344 | D:4      | Reached XP level 5. HP: 32/45 MP: 5/5
  3395 | D:4      | Noticed Menkaure
  3409 | D:5      | Entered Level 5 of the Dungeon
  3547 | D:5      | Learned a level 1 spell: Beastly Appendage
  3599 | D:5      | Reached skill level 6 in Unarmed Combat
  3645 | D:5      | Found Qata's Assorted Antiques.
  3653 | D:5      | Bought a scroll labeled TUDO NEIDIADA for 28 gold pieces
  3653 | D:5      | Bought a scroll labeled WOAGULE FOCE for 28 gold pieces
  3653 | D:5      | Bought a viscous yellow potion for 25 gold pieces
  3653 | D:5      | Bought a scroll labeled SOL PEUTHUOPS for 28 gold pieces
  3703 | D:5      | HP: 10/45 [orc (4)]
  3985 | D:5      | Reached XP level 6. HP: 44/51 MP: 3/6
  3996 | D:5      | Reached skill level 7 in Unarmed Combat
  4326 | D:5      | Reached skill level 8 in Unarmed Combat
  4416 | D:5      | Noticed a sky beast
  4438 | D:5      | Killed a sky beast
  4438 | D:5      | Your scales start taking on an icy white colour.
  4438 | D:5      | Reached XP level 7. HP: 49/57 MP: 7/7
  4438 | D:5      | Gained mutation: Your flesh is cold resistant. (rC+) [White Draconian growth]
  4721 | D:5      | Found a staircase to the Ecumenical Temple.
  4729 | Temple   | Entered the Ecumenical Temple
  4741 | Temple   | Became a worshipper of The Ieoh Jian Council
  4741 | Temple   | Reached * piety under Ieoh Jian
  4741 | Temple   | Reached ** piety under Ieoh Jian
  4852 | D:4      | Noticed SirKenneth's ghost (novice FoFi)
  4900 | D:4      | Killed SirKenneth's ghost
  4900 | D:4      | Reached skill level 9 in Unarmed Combat
  5067 | D:4      | Found an opulent altar of Gozag.
  5209 | D:4      | Killed Menkaure
  5209 | D:4      | Reached skill level 10 in Unarmed Combat
  5209 | D:4      | Reached XP level 8. HP: 63/63 MP: 8/8
  5383 | D:4      | Killed Eustachio
  5630 | D:4      | Noticed Blork the orc
  5644 | D:4      | Killed Blork the orc
  6111 | D:6      | Reached skill level 1 in Invocations
  6231 | D:6      | Reached skill level 2 in Invocations
  6519 | D:6      | Reached skill level 1 in Staves
  6657 | D:7      | Reached skill level 4 in Fighting
  6657 | D:7      | Reached skill level 3 in Invocations
  6948 | D:7      | Reached skill level 2 in Staves
  6948 | D:7      | Reached skill level 4 in Invocations
  6948 | D:7      | Reached XP level 9. HP: 64/72 MP: 10/12
  7185 | D:7      | Noticed Hector's ghost (novice MiGl)
  7296 | D:7      | Killed Hector's ghost
  7296 | D:7      | Reached skill level 5 in Fighting
  7296 | D:7      | Reached skill level 3 in Staves
  7296 | D:7      | Reached skill level 5 in Invocations
  7526 | D:7      | Reached skill level 6 in Invocations
  7696 | D:7      | Reached *** piety under Ieoh Jian
  7971 | D:7      | Found a snail-covered altar of Cheibriados.
  8043 | D:8      | Noticed Psyche
  8058 | D:8      | Killed Psyche
  8058 | D:8      | Reached skill level 7 in Invocations
  8113 | D:8      | Reached skill level 4 in Staves
  8253 | D:8      | Reached skill level 6 in Fighting
  8468 | D:8      | Identified a +1 rod of ignition (12/12) (You found it on level 7 of the Dungeon)
  8555 | D:8      | Reached XP level 10. HP: 83/83 MP: 15/15
  8855 | D:8      | Reached skill level 8 in Invocations
  9260 | D:9      | Gained mutation: Your large and strong wings let you fly indefinitely. [mutagenic meat]
  9262 | D:9      | Gained mutation: You are resistant to electric shocks. (rElec) [mutagenic meat]
  9574 | D:9      | Found Lets's Jewellery Emporium.
  9748 | D:9      | Reached **** piety under Ieoh Jian
  9754 | D:9      | Reached skill level 5 in Staves
  9769 | D:9      | Learned a level 3 spell: Ozocubu's Armour
  9930 | D:9      | Reached skill level 1 in Ice Magic
  9973 | D:9      | Reached skill level 2 in Ice Magic
  9980 | D:9      | Found a roughly hewn altar of Beogh.
 10104 | D:9      | Reached skill level 1 in Spellcasting
 10179 | D:10     | Entered Level 10 of the Dungeon
 10187 | D:10     | Found Oru Umocw's Distillery.
 10190 | D:10     | Reached skill level 9 in Invocations
 10204 | D:10     | Reached ***** piety under Ieoh Jian
 10214 | D:10     | Reached skill level 1 in Charms
 10214 | D:10     | Reached skill level 3 in Ice Magic
 10353 | D:10     | Bought a potion of mutation for 27 gold pieces
 10353 | D:10     | Bought a potion of heal wounds for 55 gold pieces
 10421 | D:10     | Found a staircase to the Lair.
 10555 | D:10     | Reached skill level 4 in Ice Magic
 10568 | D:10     | Reached skill level 2 in Spellcasting
 10956 | D:10     | Reached skill level 2 in Charms
 11112 | Lair:1   | Entered Level 1 of the Lair of Beasts
 11127 | Lair:1   | Reached skill level 5 in Ice Magic
 11237 | Lair:1   | Reached XP level 11. HP: 91/91 MP: 14/18
 11257 | Lair:1   | Noticed fooot's ghost (novice HuMo)
 11307 | Lair:1   | Killed fooot's ghost
 11307 | Lair:1   | Reached skill level 3 in Spellcasting
 11808 | Lair:1   | Reached skill level 10 in Invocations
 11825 | Lair:1   | Reached skill level 6 in Ice Magic
 12807 | Lair:2   | Noticed a fire dragon
 12829 | Lair:2   | Killed a fire dragon
 12829 | Lair:2   | Reached skill level 6 in Staves
 12845 | Lair:2   | Got a polished long sword
 12847 | Lair:2   | Identified the +4 long sword "Ahoethic" {speed, *Noise rN++ Str+2} (You found it on level 2 of the Lair of Beasts)
 12952 | Lair:3   | Reached skill level 7 in Ice Magic
 12956 | Lair:3   | Reached skill level 4 in Spellcasting
 12968 | Lair:3   | HP: 22/91 [crocodile (13)]
 12979 | Lair:3   | Reached skill level 11 in Invocations
 12989 | Lair:3   | Reached skill level 8 in Ice Magic
 13289 | Lair:3   | Found a staircase to the Shoals.
 13411 | Lair:3   | Found a staircase to the Snake Pit.
 13799 | Lair:4   | Gained mutation: You can translocate small distances at will. [potion of mutation]
 13799 | Lair:4   | Gained mutation: Your mind is acute. (Int +2) [potion of mutation]
 13799 | Lair:4   | Gained mutation: You are occasionally teleported next to monsters. [potion of mutation]
 13950 | Lair:4   | Reached XP level 12. HP: 97/97 MP: 20/20
 14302 | Lair:5   | Reached skill level 9 in Ice Magic
 14311 | Lair:5   | Reached skill level 5 in Spellcasting
 14779 | Lair:5   | Reached skill level 7 in Staves
 14976 | Lair:6   | Entered Level 6 of the Lair of Beasts
 15103 | Lair:6   | Noticed a six-headed hydra
 15120 | Lair:6   | Killed a six-headed hydra
 15120 | Lair:6   | Reached skill level 3 in Dodging
 15136 | Lair:6   | Reached skill level 10 in Ice Magic
 15309 | Lair:6   | Reached skill level 12 in Invocations
 15311 | Lair:6   | Reached skill level 4 in Dodging
 15340 | Lair:6   | Noticed a seven-headed hydra
 15489 | Lair:6   | Reached skill level 3 in Charms
 15547 | Lair:6   | Noticed a five-headed hydra
 15704 | Lair:6   | Noticed an eight-headed hydra
 15732 | Lair:6   | Killed an eight-headed hydra
 15738 | Lair:6   | Reached skill level 5 in Dodging
 15840 | Lair:6   | Killed a five-headed hydra
 15881 | Lair:6   | Noticed an eight-headed hydra
 15895 | Lair:6   | Killed a four-headed hydra
 15982 | Lair:6   | Killed a seven-headed hydra
 16036 | Lair:6   | Noticed a four-headed hydra
 16040 | Lair:6   | Reached XP level 13. HP: 73/104 MP: 22/22
 16372 | Lair:6   | Reached skill level 8 in Staves
 16516 | Lair:6   | Paralysed by a wizard for 2 turns
 16518 | Lair:6   | Reached skill level 6 in Dodging
 16536 | Lair:6   | Reached skill level 13 in Invocations
 16536 | Lair:6   | Reached skill level 4 in Charms
 16681 | Lair:6   | Found a burning altar of Makhleb.
 16717 | Lair:6   | HP: 13/104 [hell hound/blast of flame (19)]
 16722 | Lair:6   | HP: 11/104 [poisoned by an orange demon]
 16727 | Lair:6   | HP: 10/104 [poisoned by an orange demon]
 16733 | Lair:6   | HP: 10/104 [poisoned by an orange demon]
 16901 | Lair:6   | Found a gateway to Hell.
 17470 | D:11     | Noticed Hector's ghost (journeyman OgHu)
 17470 | D:11     | Noticed PlatinumSpider's ghost (journeyman DrMo)
 17484 | D:11     | Killed Hector's ghost
 17496 | D:11     | Killed PlatinumSpider's ghost
 17496 | D:11     | Reached skill level 7 in Dodging
 17582 | D:11     | Found a portal to a secret trove of treasure.
 17825 | D:11     | Noticed Harold
 17828 | D:11     | Noticed Sonja
 17839 | D:11     | Killed Sonja
 17842 | D:11     | Killed Harold
 18070 | D:11     | Found a staircase to the Orcish Mines.
 18153 | D:11     | Noticed Midn8's ghost (novice DsMo)
 18171 | D:11     | Killed Midn8's ghost
 18413 | D:11     | Found a roughly hewn altar of Beogh.
 18885 | D:12     | Reached skill level 5 in Charms
 18885 | D:12     | Reached skill level 14 in Invocations
 19531 | Orc:1    | Entered Level 1 of the Orcish Mines
 19697 | Orc:1    | Noticed an ettin
 19710 | Orc:1    | Killed an ettin
 19832 | Orc:2    | Entered Level 2 of the Orcish Mines
 19951 | Orc:2    | Found a staircase to the Elven Halls.
 20004 | Orc:2    | Reached skill level 8 in Dodging
 20007 | Orc:2    | Reached ****** piety under Ieoh Jian
 20013 | Orc:2    | Reached skill level 9 in Staves
 20058 | Orc:2    | Found a roughly hewn altar of Beogh.
 20204 | Orc:2    | Found a roughly hewn altar of Beogh.
 20208 | Orc:2    | Found Qetill's Armour Emporium.
 20331 | Orc:2    | Paralysed by an orc sorcerer for 7 turns
 20333 | Orc:2    | HP: 22/104 [orc/club[an orc high priest] (7)]
 20333 | Orc:2    | Mangled by an orc warrior

Vault maps used:
D:1:      lemuel_arrival_broad_hall
D:2:      overflow_temple_1_default, minmay_joined_circles
D:3:      first_bread, dk_yredelemnul_ordeal
D:4:      nicolae_gozag_seed_capital, uniq_eustachio, uniq_blork_the_orc,
          uniq_pikel, uniq_menkaure
D:5:      serial_shops, shop
D:6:      black_bear_nest_1
D:7:      chei_slow_surprise
D:8:      uniq_psyche
D:9:      serial_shops, shop, hangedman_little_slice_of_home
D:10:     erik_lair_island, serial_shops,
          nicolae_shop_temple_entry_statues_fountains, lemuel_flame_loot_1
D:11:     orc_0_dummy, special_room, nicolae_trove_entry_free_sample,
          stair_cage_line, uniq_sonja, uniq_harold
D:12:     kennysheep_funnel
Temple:   dpeg_three_leaves_temple
Lair:2:   dragon1_lemuel
Lair:3:   elwin_shoals_entry_rooms, dummy_snake_entry, grunt_megastairs_3
Lair:6:   evil_forest, minmay_slime_entry_oklob_enclosed
Orc:1:    guppyfry_library_mini, uniq_nergalle
Orc:2:    grunt_orc_community_town_hall, grunt_orc_community_big_house_1,
          grunt_orc_community_big_house_2, grunt_orc_community_house_2,
          grunt_orc_community_house_2, grunt_orc_community_house_2,
          grunt_orc_community_house_2, grunt_orc_community_house_3,
          grunt_orc_community_house_3, basic_altar, sword_in_stone

Skill      XL: |  1  2  3  4  5  6  7  8  9 10 11 12 13 |
---------------+----------------------------------------+-----
Unarmed Combat | 4 5 6 8 10 | 10.9
Invocations    | 4 7 9 11 12 14 | 14.3
Staves         | 2 4 5 6 7 9 |  9.0
Fighting       | 4 6 |  6.8
Ice Magic      | 5 8 10 | 10.0
Spellcasting   | 2 4 5 |  5.2
Charms         | 2 3 5 |  5.0
Dodging        | 5 8 |  8.2
Stealth        | |  1.7

Action                   |  1- 3 |  4- 6 |  7- 9 | 10-12 | 13-15 || total
-------------------------+-------+-------+-------+-------+-------++-------
Melee: Unarmed           |   181 |   226 |     5 |     4 |     4 ||   420
       Tailslap          |    15 |    34 |    36 |   107 |    80 ||   272
       Punch             |     2 |     3 |    15 |    50 |    31 ||   101
       Headbutt          |       |    11 |     2 |       |     4 ||    17
       Spear             |       |       |   302 |   353 |    15 ||   670
       Whip              |       |       |     6 |     3 |       ||     9
       Lajatang          |       |       |     5 |    65 |     8 ||    78
       Hand axe          |       |       |     4 |       |       ||     4
       Morningstar       |       |       |    11 |     3 |    18 ||    32
       Falchion          |       |       |     4 |       |       ||     4
       Scimitar          |       |       |     1 |    27 |    18 ||    46
       Rapier            |       |       |     1 |     3 |       ||     4
       Scythe            |       |       |     8 |       |       ||     8
       Eveningstar       |       |       |     3 |       |     5 ||     8
       Dagger            |       |       |     2 |     2 |     5 ||     9
       Great sword       |       |       |     1 |     6 |     9 ||    16
       Quick blade       |       |       |     1 |     3 |       ||     4
       Halberd           |       |       |     1 |       |       ||     1
       War axe           |       |       |       |    31 |    11 ||    42
       Long sword        |       |       |       |   131 |   316 ||   447
       Quarterstaff      |       |       |       |    31 |       ||    31
       Battleaxe         |       |       |       |    12 |     7 ||    19
       Trident           |       |       |       |    53 |       ||    53
       Great mace        |       |       |       |     3 |     7 ||    10
       Dire flail        |       |       |       |     9 |       ||     9
       Glaive            |       |       |       |     2 |     6 ||     8
       Bardiche          |       |       |       |     2 |     2 ||     4
       Flail             |       |       |       |     2 |       ||     2
       Broad axe         |       |       |       |     1 |    37 ||    38
       Double sword      |       |       |       |       |     1 ||     1
Throw: Tomahawk          |       |    17 |    31 |     8 |     6 ||    62
       Stone             |       |       |       |    15 |       ||    15
 Cast: Beastly Appendage |       |    11 |     2 |       |     1 ||    14
       Ozocubu's Armour  |       |       |       |    15 |     9 ||    24
Invok: Recall Weapon     |       |       |     7 |    25 |     5 ||    37
       Project Weapon    |       |       |       |     4 |     1 ||     5
 Abil: Breathe Frost     |       |       |    11 |    37 |    17 ||    65
       Fly               |       |       |       |     1 |       ||     1
Evoke: Wand              |       |       |     3 |     3 |     2 ||     8
       Rod               |       |       |       |     4 |     4 ||     8
  Use: Potion            |     1 |     2 |     2 |     7 |     2 ||    14
       Scroll            |       |     1 |    15 |     8 |     5 ||    29
 Stab: Sleeping          |     4 |     3 |     2 |    13 |     8 ||    30
       Distracted        |       |       |     1 |     2 |       ||     3
       Paralysed         |       |       |       |     9 |    13 ||    22
  Eat: Chunk             |     3 |     9 |    11 |    35 |    17 ||    75
       Bread ration      |       |       |     1 |       |       ||     1
       Pizza             |       |       |       |     1 |       ||     1
       Beef jerky        |       |       |       |     1 |       ||     1
       Fruit             |       |       |       |       |     4 ||     4
Armor: Skin              |    45 |    63 |    41 |   184 |    90 ||   423
Dodge: Dodged            |   172 |   122 |    96 |   341 |   249 ||   980
       Rpst.: Scimitar   |       |       |       |     2 |     4 ||     6
       Great sword       |       |       |       |     1 |     2 ||     3
       Long sword        |       |       |       |    15 |    29 ||    44

Vault maps used:
D:1:      lemuel_arrival_broad_hall
D:2:      overflow_temple_1_default, minmay_joined_circles
D:3:      first_bread, dk_yredelemnul_ordeal
D:4:      nicolae_gozag_seed_capital, uniq_eustachio, uniq_blork_the_orc,
          uniq_pikel, uniq_menkaure
D:5:      serial_shops, shop
D:6:      black_bear_nest_1
D:7:      chei_slow_surprise
D:8:      uniq_psyche
D:9:      serial_shops, shop, hangedman_little_slice_of_home
D:10:     erik_lair_island, serial_shops,
          nicolae_shop_temple_entry_statues_fountains, lemuel_flame_loot_1
D:11:     orc_0_dummy, special_room, nicolae_trove_entry_free_sample,
          stair_cage_line, uniq_sonja, uniq_harold
D:12:     kennysheep_funnel
Temple:   dpeg_three_leaves_temple
Lair:2:   dragon1_lemuel
Lair:3:   elwin_shoals_entry_rooms, dummy_snake_entry, grunt_megastairs_3
Lair:6:   evil_forest, minmay_slime_entry_oklob_enclosed
Orc:1:    guppyfry_library_mini, uniq_nergalle
Orc:2:    grunt_orc_community_town_hall, grunt_orc_community_big_house_1,
          grunt_orc_community_big_house_2, grunt_orc_community_house_2,
          grunt_orc_community_house_2, grunt_orc_community_house_2,
          grunt_orc_community_house_2, grunt_orc_community_house_3,
          grunt_orc_community_house_3, basic_altar, sword_in_stone

Table legend:
 A = Turns spent in this place as a percentage of turns spent in the entire game.
 B = Non-inter-level travel turns spent in this place as a percentage of non-inter-level travel turns spent in the entire game.
 C = Inter-level travel turns spent in this place as a percentage of turns spent in this place.
 D = Turns resting spent in this place as a percentage of non-inter-level travel turns spent in this place.
 E = Turns spent auto-exploring this place as a percentage of non-inter-level travel turns spent in this place.
 F = Non-inter-level travel turns spent in this place divided by the number of levels of this place that you've seen.
                   A       B       C       D       E      F
               +-------+-------+-------+-------+-------+----------------------
         Total | 100.0 | 100.0 |   0.5 |   4.7 |   6.4 | 318.4
       Dungeon |  68.3 |  68.3 |   0.4 |   3.2 |   6.5 | 380.8
        Temple |   0.2 |   0.2 |   6.7 |   0.0 |   0.0 |  14.0
          Lair |  27.9 |  27.8 |   0.6 |   8.8 |   6.1 | 310.0
  Orcish Mines |   3.6 |   3.6 |   0.4 |   0.8 |   7.0 | 121.5
               +-------+-------+-------+-------+-------+----------------------

Table legend:
 A = Kills in this place as a percentage of kills in entire the game.
 B = Kills by you in this place as a percentage of kills by you in the entire game.
 C = Kills by friends in this place as a percentage of kills by friends in the entire game.
 D = Other kills in this place as a percentage of other kills in the entire game.
 E = Experience gained in this place as a percentage of experience gained in the entire game.
 F = Experience gained in this place divided by the number of levels of this place that you have seen.
                   A       B       C       D       E      F
               +-------+-------+-------+-------+-------+----------------------
         Total | 100.0 | 100.0 |  -nan |  -nan | 100.0 | 2998.6
       Dungeon |  67.5 |  67.5 |  -nan |  -nan |  33.2 | 1743.7
          Lair |  24.0 |  24.0 |  -nan |  -nan |  59.8 | 6276.0
  Orcish Mines |   8.5 |   8.5 |  -nan |  -nan |   7.0 | 2195.0
               +-------+-------+-------+-------+-------+----------------------
